Map: Catalyst LE

Players

eGGz (eggs)

  • Race: Zerg Zerg
  • Spawn Location: 5:00

Serral - Winner!

  • Race: Zerg Zerg
  • Spawn Location: 11:00

Event: IEM Season 12 - PyeongChang

VOD

Have the link to the VOD?

Description

Time

  • Played on: Feb. 5, 2018, 2:33 a.m.
  • Length: 6:34

All games in this series

Show
View Real Time Build Order
Export as new Build Order

eGGz Zerg 

Build Orders: Pool First 

Get SALT Encoding   

  12  0:18  Spawning Pool  
  11  0:22  Drone  
  11  0:28  Drone  
  13  0:33  Drone  
  14  0:43  Overlord  
  14  1:05  Zergling x6  
  14  1:07  Queen  
  19  1:16  Zergling x2  
  20  1:27  Zergling x2  
  21  1:35  Hatchery  
  21  1:38  Zergling x2  
  21  1:50  Overlord  
  21  2:00  Drone  
  22  2:26  Drone  
  22  2:27  Drone x3  
  23  2:43  Queen  
  25  2:51  Extractor  
  25  2:55  Drone  
  25  2:57  Drone x3  
  25  2:58  Queen, Drone x3  
  31  3:00  Drone  
  34  3:10  Zergling x4  
  36  3:20  Overlord  
  35  3:27  Overlord  
  35  3:33  Overlord  
  35  3:34  Extractor  
  34  3:39  Drone  
  34  3:41  Overlord  
  35  3:50  Drone x3  
  35  3:52  Drone  
  35  3:53  Drone  
  35  3:55  Drone  
  41  3:57  Drone x2  
  41  3:59  Evolution Chamber  
  41  4:01  Evolution Chamber  
  41  4:07  Drone x2  
  43  4:10  Drone  
  43  4:14  Drone  
  43  4:15  Drone x2  
  47  4:24  Roach Warren  
  46  4:28  Drone  
  45  4:32  Metabolic Boost  
  45  4:36  Zerg Ground Armor Level 1  
  45  4:44  Drone  
  44  4:59  Overlord  
  44  5:01  Zergling x8  
  44  5:02  Zergling x10  
  55  5:07  Roach  
  55  5:14  Zergling x2  
  56  5:24  Zergling x8  
  60  5:28  Hatchery  
  59  5:39  Zergling x10  
  65  5:47  Zergling x8  
  68  5:54  Overlord  
  68  6:00  Hatchery  
  68  6:10  Overlord  
  67  6:17  Zergling x4  
Show
View Real Time Build Order
Export as new Build Order

Serral Zerg - Winner!

Build Orders: Hatch First 

Get SALT Encoding   

  12  0:00  Drone  
  13  0:12  Overlord  
  13  0:17  Drone  
  14  0:30  Drone  
  14  0:31  Drone  
  14  0:34  Drone  
  17  0:51  Hatchery  
  17  0:54  Drone  
  17  0:57  Drone  
  18  1:08  Extractor  
  17  1:12  Spawning Pool  
  17  1:15  Drone  
  17  1:19  Drone  
  18  1:27  Drone  
  19  1:59  Zergling x4  
  19  2:00  Zergling x2  
  22  2:03  Queen x2, Zergling x2  
  27  2:10  Overlord  
  27  2:18  Zergling x2  
  28  2:26  Drone  
  28  2:28  Metabolic Boost  
  27  2:34  Drone x2  
  29  2:39  Drone  
  30  2:45  Queen  
  32  2:52  Overlord  
  32  2:56  Drone  
  33  2:59  Drone  
  33  3:02  Drone  
  35  3:16  Hatchery  
  35  3:19  Drone  
  35  3:20  Drone  
  35  3:24  Drone  
  37  3:29  Overlord  
  37  3:30  Drone  
  37  3:32  Drone  
  38  3:34  Drone  
  38  3:39  Drone x2  
  41  3:44  Overlord  
  41  3:45  Drone  
  42  3:51  Zergling x4  
  44  3:56  Drone x2  
  44  3:58  Drone x2  
  44  4:00  Drone  
  49  4:04  Evolution Chamber  
  49  4:05  Drone  
  49  4:07  Overlord  
  49  4:10  Drone  
  50  4:17  Drone x3, Extractor  
  50  4:20  Drone  
  52  4:29  Drone x5  
  52  4:30  Zerg Missile Weapons Level 1  
  57  4:34  Extractor  
  57  4:35  Lair  
  56  4:39  Overlord  
  56  4:45  Roach Warren  
  56  4:50  Drone  
  56  4:51  Overlord, Drone  
  56  4:55  Overlord  
  56  4:58  Overlord  
  56  5:03  Drone x2  
  56  5:05  Zergling x8  
  62  5:09  Overlord  
  62  5:18  Overlord  
  62  5:25  Roach x8  
  78  5:32  Roach x3  
  84  5:37  Overseer  
  84  5:39  Roach  
  84  5:40  Roach  
  88  5:45  Roach  
  88  5:48  Overlord x2  
  90  5:52  Drone x3  
  90  5:53  Extractor  
  96  5:57  Roach x3  
  96  6:02  Roach x2  
  102  6:07  Roach x2  
  102  6:10  Overlord  

Tags
 
Add a new tag
Caveats
  • Supply blocks, unpowered buildings, or Contaminate may cause inaccurate times.
  • Supply counts are checked every 10 seconds.